Match 42669993
Unlisted

Match 42669993
End
Vickers Machine Gun Team
Construct Section Command Post
Dingo Light Scout Car
Infantry Section
Infantry Section
Construct Field Infirmary
Construct Platoon Command Post
Selects Air and Sea Battlegroup
Selects Air and Sea Battlegroup
Selects Supply Surplus
Construct Resource Cache
Humber Armored Car
Construct Resource Cache
Unlock M3 Stuart Light Tanks
Construct Resource Cache
M3 Stuart Light Tank
M3 Stuart Light Tank
M3 Stuart Light Tank
M3 Stuart Light Tank
Selects UNKNOWN (223837)
Construct Company Command Post
Construct Resource Cache
Selects Naval Bombardment
Unlock M3 Grant Medium Tanks
M3 Grant Medium Tank
M3 Grant Medium Tank
Construct Resource Cache
Royal Engineer Section
M3 Grant Medium Tank
Armored Vehicle Training
Construct Field Infirmary
Naval Bombardment
M3 Grant Medium Tank
Selects Commando Section Paradrop
Selects Commando Support Section Paradrop
Naval Bombardment
Infantry Training
ZELOT
Insomniac
DanceFKRdance
judge789
0
0

Comments sign in to comment!

No comments posted yet!